 Dungeon Sprint DCSS version 0.21.1-1-g345015f (webtiles) character file.

883 Fang the Cleaver (level 7, 0/117 HPs)
             Began as a Minotaur Berserker on June 1, 2018.
             Was a High Priest of Trog.
             Slain by a ten-headed hydra (7 damage)
             ... in the Dungeon (Sprint IX: "|||||||||||||||||||||||||||||").
             The game lasted 00:01:03 (424 turns).

Fang the Cleaver (Minotaur Berserker)                Turns: 424, Time: 00:01:03

Health: 0/117      AC:  2    Str: 29    XL:     7   Next: 76%
Magic:  6/6        EV: 17    Int:  7    God:    Trog [*****.]
Gold:   0          SH:  0    Dex:  9    Spells: 6/6 levels left

rFire    . . .     SeeInvis .   n - +3 war axe (chop)
rCold    . . .     Gourm    .   (no shield)
rNeg     . . .     Faith    .   b - +0 animal skin
rPois    .         Spirit   .   (helmet restricted)
rElec    .         Reflect  .   (no cloak)
rCorr    .         Harm     .   (no gloves)
MR       .....     NoTele   +   (no boots)
Stlth    ..........             (no amulet)
HPRegen  0.29/turn              p - +2 ring of evasion
MPRegen  0.10/turn              o - +3 ring of intelligence

@: berserking, very quick
A: retaliatory headbutt, horns 2
a: Berserk, Trog's Hand, Brothers in Arms, Burn Spellbooks, Renounce Religion


You were in the Dungeon.
You worshipped Trog.
Trog was extremely pleased with you.
You were very hungry.

You visited 1 branch

Inventory:

Hand Weapons
 a - a +0 hand axe
 n - a +3 war axe of chopping (weapon)
Armour
 b - a +0 animal skin (worn)
Jewellery
 o - a +3 ring of intelligence (right hand)
 p - a +2 ring of evasion (left hand)
Wands
 m - a wand of iceblast (10)
Scrolls
 i - 2 scrolls of blinking
 l - 3 scrolls of remove curse
Potions
 d - 5 potions of curing
 e - 3 potions of heal wounds
 f - a potion of haste
 g - 4 potions of magic
 h - a potion of berserk rage
 k - a potion of invisibility
Comestibles
 c - a ration
 j - 3 chunks of flesh


   Skills:
 + Level 12.5 Fighting
 + Level 13.0 Axes
 + Level 6.1 Armour
 + Level 7.5 Dodging


You had 6 spell levels left.
You didn't know any spells.

Dungeon Overview and Level Annotations

Branches:
Dungeon (1/1)

Altars:
Cheibriados
Dithmenos
Elyvilon
Fedhas
Gozag
Hepliaklqana
Kikubaaqudgha
Makhleb
Nemelex Xobeh
Okawaru
Qazlal
Ru
Sif Muna
Trog
Uskayaw
Vehumet
Wu Jian
Xom
Yredelemnul
Zin
The Shining One
Beogh
Jiyva
Lugonu


Innate Abilities, Weirdness & Mutations

You reflexively headbutt those who attack you in melee.
You have a pair of horns on your head.


Message History

The eight-headed hydra bites you!
* * * LOW HITPOINT WARNING * * *
The eight-headed hydra bites you.
* * * LOW HITPOINT WARNING * * *
Unknown command.
Unknown command.
You hack one of the eight-headed hydra's heads off!
The seven-headed hydra grows two more!
You slice the nine-headed hydra!!
The nine-headed hydra is severely wounded.
The kobold demonologist looks satisfied for a moment.
The meliai mumbles some strange prayers to its god against you.
Something smites you!
* * * LOW HITPOINT WARNING * * *
You slice one of the nine-headed hydra's heads off!
The eight-headed hydra grows two more!
You slice the ten-headed hydra!!
The ten-headed hydra is almost dead.
The ten-headed hydra bites you but does no damage.
The ten-headed hydra closely misses you.
The ten-headed hydra bites you!
You die... ▓▓▓▓▓▓▓▓▓▓▓▓▓▓▓▓▓▓▓▓▓▓▓▓ '.?|)[[[..)..÷.)@DKo5TyO ▓▓▓▓▓▓▓▓▓▓▓▓▓▓▓▓▓▓▓▓▓▓▓▓

You could see a ten-headed hydra, a kobold demonologist, a troll, an orc warrior, an ogre, a meliai and a quasit.

Vanquished Creatures
  A two-headed ogre (D)
  A centaur (D)
  A scorpion (D)
  A hound (D)
  2 orc wizards (D)
  An adder (D)
  A shadow imp (D)
  A leopard gecko (D)
  An orc (D)
  3 hobgoblins (D)
  A kobold (D)
  A leopard gecko zombie (D)
  A rat (D)
16 creatures vanquished.

Notes
Turn   | Place    | Note
-------+----------+-------------------------------------------
     0 | D        | Fang the Minotaur Berserker began the quest for the Orb.
     0 | D        | Reached XP level 1. HP: 19/19 MP: 0/0
     4 | D        | Reached skill level 4 in Axes
     9 | D        | Reached ** piety under Trog
   131 | D        | Noticed a hound
   131 | D        | Noticed an orc wizard
   131 | D        | Noticed a centaur
   134 | D        | Reached *** piety under Trog
   136 | D        | Killed a hound
   136 | D        | Reached skill level 6 in Axes
   136 | D        | Reached XP level 2. HP: 30/30 MP: 1/1
   136 | D        | Reached XP level 3. HP: 37/37 MP: 2/2
   144 | D        | Killed a centaur
   144 | D        | Received a gift from Trog
   144 | D        | Reached skill level 8 in Axes
   144 | D        | Reached XP level 4. HP: 49/49 MP: 3/3
   144 | D        | Reached XP level 5. HP: 56/56 MP: 4/4
   160 | D        | Found a roughly hewn altar of Beogh.
   160 | D        | Found a snail-covered altar of Cheibriados.
   160 | D        | Found a shadowy altar of Dithmenos.
   160 | D        | Found a white marble altar of Elyvilon.
   160 | D        | Found a blossoming altar of Fedhas.
   160 | D        | Found an opulent altar of Gozag.
   161 | D        | Found a hazy altar of Hepliaklqana.
   162 | D        | Found a viscous altar of Jiyva.
   163 | D        | Found an ancient bone altar of Kikubaaqudgha.
   164 | D        | Found a corrupted altar of Lugonu.
   165 | D        | Found a burning altar of Makhleb.
   166 | D        | Found a sparkling altar of Nemelex Xobeh.
   167 | D        | Found an iron altar of Okawaru.
   168 | D        | Found a stormy altar of Qazlal.
   169 | D        | Found a sacrificial altar of Ru.
   170 | D        | Found a deep blue altar of Sif Muna.
   171 | D        | Found a bloodstained altar of Trog.
   172 | D        | Found a hide-covered altar of Uskayaw.
   173 | D        | Found a radiant altar of Vehumet.
   174 | D        | Found an ornate altar of the Wu Jian Council.
   175 | D        | Found a shimmering altar of Xom.
   176 | D        | Found a basalt altar of Yredelemnul.
   177 | D        | Found a glowing silver altar of Zin.
   178 | D        | Found a glowing golden altar of the Shining One.
   216 | D        | Noticed a two-headed ogre
   220 | D        | Killed a two-headed ogre
   220 | D        | Reached **** piety under Trog
   220 | D        | Reached skill level 12 in Axes
   220 | D        | Reached XP level 6. HP: 59/71 MP: 5/5
   220 | D        | Reached XP level 7. HP: 65/78 MP: 6/6
   227 | D        | Reached skill level 13 in Axes
   237 | D        | Reached ***** piety under Trog
   419 | D        | Noticed a seven-headed hydra
   419 | D        | Noticed a kobold demonologist
   419 | D        | Noticed a troll
   419 | D        | Noticed a meliai
   424 | D        | Slain by a ten-headed hydra

Skill      XL: |  1  2  3  4  5  6  7 |
---------------+----------------------+-----
Fighting       | 6 8 12 | 12.5
Axes           | 6 8 12 13 | 13.0
Armour         | 3 4 6 |  6.1
Dodging        | 3 4 7 |  7.5

Action                   |  1- 3 |  4- 6 |  7- 9 || total
-------------------------+-------+-------+-------++-------
Melee: Hand axe          |    22 |     1 |       ||    23
       Headbutt          |     2 |     1 |     3 ||     6
       War axe           |       |     3 |    16 ||    19
Invok: Berserk           |     1 |     1 |     1 ||     3
Armor: Animal skin       |     1 |       |     1 ||     2
Dodge: Dodged            |     6 |     3 |    17 ||    26
